[Event "Live Chess"]
[Site "Chess.com"]
[Date "2023.05.20"]
[Round "-"]
[White "AwesomeFredster"]
[Black "Bot_Boy"]
[Result "1-0"]
[WhiteElo "1322"]
[BlackElo "325"]
[TimeControl "300"]
[EndTime "10:16:23 PDT"]
[Termination "AwesomeFredster won on time"]

1. e4 Nc6 2. Nf3 b6 3. d4 e6 4. Nc3 Bb4 5. Bd2 d5 6. e5 Nge7 7. a3 Bxc3 8. Bxc3 Bb7 9. Bd3 a5 10. O-O Nf5 11. Qd2 Ba6 12. Bxa6 Rxa6 13. Qd3 Ra7 14. Qb5 Ne7 15. b4 O-O 16. bxa5 Nxa5 17. Bb4 Nb7 18. Qd3 Re8 19. Ng5 g6 20. Qh3 h5 21.
Qf3 Nf5 22. Rac1 c5 23. dxc5 bxc5 24. Bd2 c4 25. Bb4 1-0

[Event "Live Chess"]
[Site "Chess.com"]
[Date "2023.05.20"]
[Round "-"]
[White "mliszewski"]
[Black "cedarsmaster"]
[Result "1-0"]
[WhiteElo "1903"]
[BlackElo "1664"]
[TimeControl "300"]
[EndTime "10:16:26 PDT"]
[Termination "mliszewski won on time"]

1. d4 e6 2. Nf3 f5 3. Bf4 Nf6 4. e3 d5 5. Nbd2 c6 6. Bd3 Bd6 7. Ne5 O-O 8. g4 fxg4 9. Nxg4 Bxf4 10. exf4 Nbd7 11. Ne5 Qe8 12. Qf3 Qh5 13. Qg3 Qh6 14.
O-O-O Nh5 15. Qh4 Nxf4 16. Qe7 Nxd3+ 17. cxd3 Qf6 18. Qd6 Rd8 19. Rdg1 Nxe5 20. Qxe5 Qxe5 21. dxe5 Rf8 22. Rg2 a5 23. Rhg1 Rf7 24. h4 a4 25.
d4 c5 26. Kc2 cxd4 27. Kd3 b6 28. Kxd4 Ba6 29. Ke3 Bb5 30. Nf3 Rc8 31. Nd4 1-0

[Event "Live Chess"]
[Site "Chess.com"]
[Date "2023.05.20"]
[Round "-"]
[White "1600x"]
[Black "Conradical12"]
[Result "0-1"]
[WhiteElo "1404"]
[BlackElo "1530"]
[TimeControl "300"]
[EndTime "10:16:32 PDT"]
[Termination "Conradical12 won by checkmate"]

1. d4 Nf6 2. Nc3 d5 3. Nf3 c5 4. dxc5 Nc6 5. e3 e5 6. b4 a6 7. a3 Bf5 8. b5 Na5 9. h3 Bxc5 10.
Nxe5 O-O 11. bxa6 b6 12. Nd3 Bxd3 13. Bxd3 d4 14. Ne2 dxe3 15. Bxe3 Bxe3 16. fxe3 Nd5 17. Qd2 Qh4+ 18. g3 Qf6 19. O-O-O Qa1# 0-1

[Event "Live Chess"]
[Site "Chess.com"]
[Date "2023.05.20"]
[Round "-"]
[White "PLZ909"]
[Black "JackRudd"]
[Result "0-1"]
[WhiteElo "1514"]
[BlackElo "2400"]
[TimeControl "300"]
[EndTime "10:16:39 PDT"]
[Termination "JackRudd won by resignation"]

1. d4 Nf6 2. Bf4 c5 3. Nf3 cxd4 4. Qxd4 Nc6 5. Qd1 d5 6. c3 Bg4 7. Nbd2 e6 8. e3 Bd6 9. Bg3 O-O 10. Bd3 e5 11. h3 Bh5 12. O-O e4 13. Bb5 exf3 14.
Bxc6 fxg2 15. Kxg2 Bxd1 16. Rfxd1 bxc6 0-1

[Event "Live Chess"]
[Site "Chess.com"]
[Date "2023.05.20"]
[Round "-"]
[White "Chesscoach_Golichenko"]
[Black "CheckString"]
[Result "1-0"]
[WhiteElo "2647"]
[BlackElo "1297"]
[TimeControl "300"]
[EndTime "10:16:42 PDT"]
[Termination "Chesscoach_Golichenko won by resignation"]

1. d4 d5 2. Nc3 Nf6 3. Bf4 Bf5 4.
e3 e6 5. Nf3 Bb4 6. Bd3 Bg6 7.
O-O Nbd7 8. a3 Bxc3 9. bxc3 c5 10. c4 b6 11. cxd5 exd5 12. c4 O-O 13. Bd6 Re8 14.
cxd5 Nxd5 15. dxc5 Nxc5 16. Bxc5 bxc5 17. Bxg6 hxg6 18.
Rc1 Rc8 19. Qa4 Nb6 20. Qxa7 Re7 21. Qa5 Rd7 22. Rxc5 Rxc5 23. Qxc5 Nc8 24. Nd4 Ne7 25. a4 Nf5 26. Nxf5 gxf5 27. Qxf5 Rd1 28. Qc2 Rd2 29.
Qc4 Rd1 30. g3 Qd7 31. Rxd1 Qxd1+ 32. Kg2 Qd8 33. e4 Kh8 34. Qxf7 1-0

[Event "Live Chess"]
[Site "Chess.com"]
[Date "2023.05.20"]
[Round "-"]
[White "risinghelios"]
[Black "NAZRIZ1977"]
[Result "1/2-1/2"]
[WhiteElo "1947"]
[BlackElo "2122"]
[TimeControl "300"]
[EndTime "10:16:56 PDT"]
[Termination "Game drawn by agreement"]

1. e4 c5 2. c3 d5 3. exd5 Nf6 4. d4 cxd4 5. cxd4 Nxd5 6. Nf3 Nc6 7. Bc4 Nb6 8. Bb3 e6 9. O-O Be7 10. Be3 O-O 11. Nc3 Nb4 12. a3 N4d5 13. Nxd5 Nxd5 14. Bxd5 Qxd5 15. Rc1 b6 16. Ne5 Bb7 17. Qf3 Rac8 18. Qxd5 Bxd5 19. b4 f6 20. Nf3 a5 21.
bxa5 bxa5 22. Bd2 Bxf3 23. gxf3 a4 24. Bb4 Bxb4 25. axb4 Rxc1 26. Rxc1 Ra8 27. Ra1 Kf7 28. Kf1 Ke7 29. Ke2 Kd6 30. Kd3 Kd5 31. b5 a3 32.
f4 Ra4 33. Kc3 1/2-1/2

[Event "Live Chess"]
[Site "Chess.com"]
[Date "2023.05.20"]
[Round "-"]
[White "wadsy27"]
[Black "ACx04"]
[Result "1-0"]
[WhiteElo "2589"]
[BlackElo "433"]
[TimeControl "300"]
[EndTime "10:17:00 PDT"]
[Termination "wadsy27 won by checkmate"]

1. c4 d6 2. g3 e6 3. Bg2 Qf6 4.
Nc3 e5 5. Nf3 Nc6 6. d4 exd4 7.
Nd5 Qe6 8. Nxc7+ Kd7 9. Nxe6 fxe6 10. Nxd4 Nxd4 11. Qxd4 e5 12. Bh3+ Kc7 13. Qh4 Be7 14.
Bg5 h6 15. Bxe7 Nxe7 16. Qxe7+ Bd7 17. Qxd7+ Kb6 18. Qxd6+ Ka5 19. b4+ Ka4 20. Bd7+ Ka3 21. b5+ Kb2 22. Qb4+ Kxa1 23. Kd2+ Kxa2 24. Kc2 Rad8 25. Qb2# 1-0

[Event "Live Chess"]
[Site "Chess.com"]
[Date "2023.05.20"]
[Round "-"]
[White "SupremeTactician"]
[Black "Hussamalhaidar"]
[Result "1-0"]
[WhiteElo "2415"]
[BlackElo "1001"]
[TimeControl "300"]
[EndTime "10:17:02 PDT"]
[Termination "SupremeTactician won by resignation"]

1. e4 e5 2. Nf3 Nc6 3. Nc3 Bc5 4. Bb5 d6 5. Bxc6+ bxc6 6. d4 exd4 7. Nxd4 Bxd4 8.
Qxd4 Bb7 9. O-O c5 10. Qd3 Nf6 11.
Bg5 O-O 12. f4 h6 13. Bh4 Re8 14. Rae1 Re6 15. Nd5 Bxd5 16. exd5 Rxe1 17. Rxe1 Qd7 18. Bxf6 gxf6 19. Qg3+ Kh7 20. Qh4 Qf5 21. Re7 Qxd5 22. Qxf6 Qd1+ 23. Kf2 Qd2+ 24. Re2 Qd4+ 25. Qxd4 cxd4 26.
Re7 c5 27. Rxf7+ Kg6 28. Rd7 Rb8 29. b3 Kf5 30. Rxd6 Kxf4 31. Rxh6 a5 32. Rc6 Rb5 33.
a4 Rb7 34. Rxc5 Rf7 35. Rxa5 Ke4+ 36. Ke2 Rh7 37. h3 Rg7 38. g4 Rh7 39. Rh5 Rf7 40.
a5 Rf6 41. b4 Rc6 42. Kd2 Kf3 43. b5 Rc3 44. b6 Rc8 45. b7 Rb8 46. a6 Kg3 47. a7 Rxb7 48. a8=Q 1-0

[Event "Live Chess"]
[Site "Chess.com"]
[Date "2023.05.20"]
[Round "-"]
[White "Daniel_Gliddon_FA"]
[Black "Davidagye"]
[Result "1-0"]
[WhiteElo "1178"]
[BlackElo "1657"]
[TimeControl "300"]
[EndTime "10:17:07 PDT"]
[Termination "Daniel_Gliddon_FA won by resignation"]

1. e4 e6 2. d4 d5 3. exd5 exd5 4. Nf3 Nf6 5. c4 Bb4+ 6. Bd2 Bxd2+ 7. Qxd2 O-O 8. cxd5 Re8+ 9. Be2 Nfd7 10. O-O Nb6 11. Nc3 Nxd5 12. Nxd5 Qxd5 13. Rfe1 Nc6 14. b3 Bg4 15. h3 Bh5 16. Bc4 Qd6 17. Rxe8+ Rxe8 18. Ng5 Bg6 19. Rd1 h6 20. Nf3 Bh5 21. Qd3 Bg6 22.
Qd2 Bh5 23. Qd3 Bxf3 24. Qxf3 Nxd4 25. Qxf7+ Kh7 26. Bd3+ 1-0

[Event "Live Chess"]
[Site "Chess.com"]
[Date "2023.05.20"]
[Round "-"]
[White "CocheseUK"]
[Black "bristolunichess"]
[Result "1-0"]
[WhiteElo "1215"]
[BlackElo "1840"]
[TimeControl "300"]
[EndTime "10:17:10 PDT"]
[Termination "CocheseUK won on time"]

1. e4 c6 2. d4 d5 3. e5 Bf5 4.
Nf3 e6 5. Bd3 Bg6 6. Bxg6 hxg6 7. Bg5 Be7 8. Bxe7 Nxe7 9. Nc3 Nd7 10. Ng5 Nb6 11. Qf3 Nf5 12. Qf4 Rh4 13. Qc1 Rxd4 14.
Nf3 Rc4 15. Qd2 Qc7 16. b3 Rc5 17. O-O O-O-O 18. Ng5 Rh8 19. Na4 f6 20. Nxe6 Qxe5 21. Nf4 d4 22. Qd3 Qxf4 23. Rfe1 Qxh2+ 24. Kf1 Qh1+ 25. Ke2 Re8+ 26. Kd2 1-0

[Event "Live Chess"]
[Site "Chess.com"]
[Date "2023.05.20"]
[Round "-"]
[White "djw60"]
[Black "LodeshChess"]
[Result "1-0"]
[WhiteElo "2139"]
[BlackElo "888"]
[TimeControl "300"]
[EndTime "10:17:13 PDT"]
[Termination "djw60 won by checkmate"]

1. Nf3 c6 2. d4 d5 3. c4 Bg4 4. e3 Bxf3 5. Qxf3 e6 6. Nc3 Bb4 7. Bd2 Nf6 8. Bd3 Nbd7 9. O-O O-O 10. Rfe1 dxc4 11. Bxc4 Nb6 12. Bb3 Nbd5 13. e4 Nxc3 14. bxc3 Be7 15. Bc2 h6 16. e5 Nd5 17. Qe4 f5 18.
exf6 Bxf6 19. Qh7+ Kf7 20. Bxh6 Rh8 21. Qg6+ Kg8 22.
Bd2 Qd6 23. g3 Qe7 24. Bf5 Qc7 25. Bxe6+ Kf8 26. c4 Nb6 27. Bb4+ Be7 28. Qf7# 1-0

[Event "Live Chess"]
[Site "Chess.com"]
[Date "2023.05.20"]
[Round "-"]
[White "stevefairhurst"]
[Black "LL220284LL"]
[Result "0-1"]
[WhiteElo "544"]
[BlackElo "2417"]
[TimeControl "300"]
[EndTime "10:17:16 PDT"]
[Termination "LL220284LL won by checkmate"]

1. e4 c6 2. Nf3 d6 3. Bd3 g6 4. Qe2 Bg7 5. O-O Nd7 6. b3 Bxa1 7. Nc3 Nc5 8. Ba3 Nxd3 9. Qxd3 Bxc3 10. Qxc3 Nf6 11.
Qe3 O-O 12. d3 e5 13. Bb4 c5 14. Be1 a5 15. c4 a4 16. bxa4 Rxa4 17. Qe2 Bg4 18.
h3 Bxf3 19. Qxf3 Rxa2 20. Kh1 Nh5 21. Kh2 Qg5 22. g4 Qf4+ 23. Qg3 Nxg3 24. Rg1 Ne2+ 25. Rg3 Nxg3 26. d4 Rxf2+ 27. Bxf2 Qxf2# 0-1

[Event "Live Chess"]
[Site "Chess.com"]
[Date "2023.05.20"]
[Round "-"]
[White "YrrriKharkiv"]
[Black "ramses-IIG"]
[Result "1-0"]
[WhiteElo "2085"]
[BlackElo "759"]
[TimeControl "300"]
[EndTime "10:17:18 PDT"]
[Termination "YrrriKharkiv won by resignation"]

1. d4 d5 2. c4 dxc4 3. e3 b5 4. a4 c6 5. axb5 cxb5 6. Qf3 Nc6 7. Qxc6+ Bd7 8. Qf3 e6 9. Ne2 Bb4+ 10. Bd2 Bxd2+ 11. Nxd2 Qc7 12. Qxa8+ Ke7 13. Rxa7 1-0

[Event "Live Chess"]
[Site "Chess.com"]
[Date "2023.05.20"]
[Round "-"]
[White "ossie57"]
[Black "SavagePawn7"]
[Result "1-0"]
[WhiteElo "1842"]
[BlackElo "776"]
[TimeControl "300"]
[EndTime "10:17:20 PDT"]
[Termination "ossie57 won by checkmate"]

1. d4 Nf6 2. Nc3 e6 3. e4 d5 4. e5 Ne4 5. Nxe4 dxe4 6. c3 Nc6 7. Qg4 f5 8. exf6 Qxf6 9. Qxe4 e5 10. Bb5 Bd7 11.
Nf3 O-O-O 12. Bg5 Bf5 13. Qxc6 bxc6 14. Ba6+ Kb8 15. Bxf6 gxf6 16. dxe5 fxe5 17. O-O Bd6 18. Rad1 e4 19. Nd4 Bg4 20. Nxc6+ Ka8 21. Nxd8 Bxd1 22.
Rxd1 Rxd8 23. g3 Kb8 24. c4 c5 25. Bb5 Kc7 26. Ba4 Be5 27. Rxd8 Kxd8 28. Bc2 Bxb2 29.
Bxe4 h6 30. Kg2 Ke7 31. f4 Kf6 32. Kf3 h5 33. h3 a5 34. g4 h4 35. g5+ Kg7 36. Kg4 a4 37. Kxh4 a3 38. Kg4 Bd4 39. h4 Bf6 40. gxf6+ Kxf6 41. h5 Kg7 42. Kg5 Kh8 43.
h6 Kg8 44. h7+ Kh8 45. Kg4 Kg7 46. Kf3 Kf8 47. h8=Q+ Kf7 48. Bd5+ Kg6 49. Qe5 Kh6 50. Qg5+ Kh7 51. f5 Kh8 52. f6 Kh7 53. Qg7# 1-0

[Event "Live Chess"]
[Site "Chess.com"]
[Date "2023.05.20"]
[Round "-"]
[White "chrisbradgate"]
[Black "luckywookie"]
[Result "1-0"]
[WhiteElo "846"]
[BlackElo "732"]
[TimeControl "300"]
[EndTime "10:17:31 PDT"]
[Termination "chrisbradgate won on time"]

1. d4 c6 2. Bf4 d5 3. e3 Nf6 4. c3 Bf5 5. Bd3 Bg4 6. Be2 e6 7. Bxg4 Nxg4 8. Qxg4 Bd6 9. Bxd6 Qxd6 10. Qf4 Qe7 11.
Nf3 f6 12. O-O O-O 13. Nbd2 e5 14. Qg3 e4 15. Ne1 Nd7 16. h3 h5 17. Nb3 g5 18.
Nc2 b6 19. Rfe1 Rf7 20. f3 f5 21. fxe4 fxe4 22. Rf1 Raf8 23. Rae1 Rg7 24. Rxf8+ Nxf8 25.
Rf1 g4 26. h4 Nd7 27. Nb4 Qe6 28. Nd2 Rf7 29. Rxf7 Qxf7 30. Qf2 Nf6 31. Nxc6 Kg7 32. Ne5 Qe8 33. Nb3 Qb5 34. Kh2 a6 35. Nc1 a5 36.
b4 Qa4 37. g3 axb4 38. cxb4 Qxb4 39. Qe2 1-0

[Event "Live Chess"]
[Site "Chess.com"]
[Date "2023.05.20"]
[Round "-"]
[White "ReeceHockton"]
[Black "jameskwong"]
[Result "0-1"]
[WhiteElo "331"]
[BlackElo "2162"]
[TimeControl "300"]
[EndTime "10:17:33 PDT"]
[Termination "jameskwong won by resignation"]

1. d4 Nf6 2. e3 d5 3. Nf3 c5 4. c3 Nc6 5. dxc5 a5 6. Bb5 e6 7.
Nbd2 Bxc5 8. Nd4 Bd7 9. Bxc6 bxc6 10. a4 e5 11. Nxc6 Bxc6 12. Qe2 O-O 13. O-O Re8 14. Nc4 dxc4 15. Qxc4 Qd5 16. Qxd5 Bxd5 17. Rd1 Bb3 18. Rd5 Bxd5 0-1

[Event "Live Chess"]
[Site "Chess.com"]
[Date "2023.05.20"]
[Round "-"]
[White "mattihelenius2"]
[Black "gmnorfolk"]
[Result "0-1"]
[WhiteElo "445"]
[BlackElo "2182"]
[TimeControl "300"]
[EndTime "10:17:36 PDT"]
[Termination "gmnorfolk won by resignation"]

1. d4 Nf6 2. c3 g6 3. Nf3 Bg7 4. Bg5 d6 5. e3 O-O 6. Bc4 c5 7. d5 Nbd7 8. Qd3 a6 9. Nbd2 b5 10. Bb3 c4 11. Qd4 cxb3 12. Nxb3 Bb7 13. O-O Nxd5 14. Qe4 Qc7 15. Rad1 Nxc3 16. Qd3 Nxd1 17. Qxd1 Nc5 18. Nxc5 dxc5 19. Qb3 c4 20. Qb4 Bxf3 21. gxf3 Bf6 22. Bxf6 exf6 23. Rd1 Rfd8 24. Re1 Qd6 25. Qa5 Qd2 26. Kf1 Qxa5 0-1

[Event "Live Chess"]
[Site "Chess.com"]
[Date "2023.05.20"]
[Round "-"]
[White "therealab0ne"]
[Black "JoeyCage"]
[Result "0-1"]
[WhiteElo "676"]
[BlackElo "2302"]
[TimeControl "300"]
[EndTime "10:17:38 PDT"]
[Termination "JoeyCage won by resignation"]

1. e4 c5 2. Nc3 Nc6 3. Nge2 a6 4.
g3 b5 5. Bg2 Bb7 6. a4 b4 7.
Nd5 e6 8. Nef4 exd5 9. exd5 Nd4 10. O-O Bd6 11. d3 Nf6 12. Re1+ Kf8 13. Be3 Nf5 14. d4 c4 15. Be4 Nxe4 16. Qg4 Nxe3 17. fxe3 Nf6 18.
Qh4 Ne4 19. Rf1 Qxh4 20. gxh4 Ke7 21. b3 c3 22. Nd3 g6 23. Kg2 f5 24. Ne5 Bxd5 0-1

[Event "Live Chess"]
[Site "Chess.com"]
[Date "2023.05.20"]
[Round "-"]
[White "RedRook90"]
[Black "seabuck"]
[Result "0-1"]
[WhiteElo "1959"]
[BlackElo "1843"]
[TimeControl "300"]
[EndTime "10:17:39 PDT"]
[Termination "seabuck won by checkmate"]

1. c4 e6 2. g3 c5 3. Nf3 Nc6 4. Bg2 Nf6 5. Nc3 Be7 6. O-O O-O 7. b3 d5 8. cxd5 exd5 9. d4 b6 10. Ne5 Bb7 11. Nxc6 Bxc6 12. dxc5 Bxc5 13. Bg5 Qd6 14. Bxf6 Qxf6 15. Nxd5 Bxd5 16. Bxd5 Rad8 17. e4 Rfe8 18. Qc2 a5 19. Rad1 Qe5 20. Kg2 Rd6 21. f4 Qh5 22. e5 Rh6 23. h4 Rg6 24. Rh1 Qg4 25. Qe4 Qxg3+ 26. Kf1 Qf2# 0-1

[Event "Live Chess"]
[Site "Chess.com"]
[Date "2023.05.20"]
[Round "-"]
[White "LutherSullivan"]
[Black "Singapourfeuj"]
[Result "0-1"]
[WhiteElo "1841"]
[BlackElo "2248"]
[TimeControl "300"]
[EndTime "10:17:43 PDT"]
[Termination "Singapourfeuj won by checkmate"]

1. e4 g6 2. d4 c5 3. d5 Bg7 4.
Nc3 d6 5. h4 h5 6. Nf3 Nf6 7. Be2 Bg4 8. Ng5 Nbd7 9. f3 Ne5 10.
fxg4 Nfxg4 11. O-O Bf6 12. Bf4 Qb6 13. Bb5+ Kf8 14.
Kh1 a6 15. Be2 Qxb2 16. Na4 Qa3 17. c3 b5 18. Nb6 Rb8 19. Bxg4 hxg4 20. Bxe5 Rxh4+ 21. Kg1 Bxg5 22. Nd7+ Kg8 23. g3 Be3+ 24. Kg2 Qb2+ 25.
Rf2 Qxf2# 0-1

[Event "Live Chess"]
[Site "Chess.com"]
[Date "2023.05.20"]
[Round "-"]
[White "McSlash1"]
[Black "Hacker_2009"]
[Result "0-1"]
[WhiteElo "2069"]
[BlackElo "1913"]
[TimeControl "300"]
[EndTime "10:17:50 PDT"]
[Termination "Hacker_2009 won by resignation"]

1. e4 c5 2. Nf3 d6 3. d4 cxd4 4.
Nxd4 Nf6 5. Nc3 a6 6. Bg5 e6 7.
Qf3 Be7 8. Be2 O-O 9. O-O Nc6 10. Nb3 Ne5 11. Qg3 b5 12. Bh6 Ng6 13. e5 dxe5 14.
Rad1 Qc7 15. Be3 Bb7 16. h4 Nf4 17. Bf3 Bxf3 18. Qxf3 N6d5 19. Ne4 Nxe3 20. fxe3 Nd5 21. h5 Qxc2 22. Rd2 Qc6 23. Rc1 Qb6 24. Re1 Rac8 25. g4 f5 26. gxf5 exf5 27. Ng3 Qe6 28. Qxd5 Qxd5 29.
Rxd5 Rc2 30. Rxe5 Bd6 31. Rxf5 Bxg3 32. Rxf8+ Kxf8 33. Rf1+ Ke7 34. Nd4 Bh2+ 35. Kh1 Rxb2 36. Nf5+ Kf6 37. e4 Kg5 38. h6 gxh6 39. Nd4 Be5 40.
Rf5+ Kg6 41. Rxe5 Rxa2 42. Nc6 Rc2 43. Nb4 Rc4 44. Nxa6 b4 45. Nc5 Kf6 46. Re8 Rxc5 47. Kg2 Rb5 48. Kf3 b3 49. Kf4 b2 50. e5+ Kf7 0-1

[Event "Live Chess"]
[Site "Chess.com"]
[Date "2023.05.20"]
[Round "-"]
[White "YF22Raptor"]
[Black "yeetpizza74"]
[Result "1-0"]
[WhiteElo "993"]
[BlackElo "448"]
[TimeControl "300"]
[EndTime "10:18:01 PDT"]
[Termination "YF22Raptor won by checkmate"]

1. e4 c6 2. Nf3 d5 3. Nc3 Bg4 4.
exd5 cxd5 5. h3 Bxf3 6. Qxf3 Nf6 7. Bb5+ Nc6 8. Bxc6+ bxc6 9. d4 e6 10. Bg5 Be7 11. O-O O-O 12. Bxf6 Bxf6 13. Ne2 e5 14. dxe5 Bxe5 15. c3 Rc8 16. Rad1 Re8 17. Rfe1 Qd7 18. Kf1 Rcd8 19. Nd4 Bxd4 20. Rxe8+ Rxe8 21. Rxd4 Qe7 22. Rd1 h6 23. g3 Qd7 24. Kg2 c5 25.
Rxd5 Qb5 26. Rd2 Qb6 27. Qd5 a5 28. a3 a4 29. b4 axb3 30. Rb2 Rd8 31. Qxb3 Qxb3 32.
Rxb3 c4 33. Rb4 Ra8 34. Rxc4 Rxa3 35. Rc8+ Kh7 36. c4 g5 37. c5 h5 38. c6 h4 39.
c7 hxg3 40. Rh8+ Kxh8 41. c8=Q+ Kg7 42. Qf5 f6 43. Qd7+ Kg6 44. Qe8+ Kf5 45. Qb5+ Kf4 46. Qb4+ Kf5 47. Qxa3 g4 48. Qd3+ Kg5 49. Qxg3 f5 50. f3 f4 51. Qf2 g3 52. Qd4 Kh4 53. Qh8+ Kg5 54. Qg7+ Kh4 55. Qg4# 1-0

[Event "Live Chess"]
[Site "Chess.com"]
[Date "2023.05.20"]
[Round "-"]
[White "KuriyamaMiraiUA"]
[Black "JoshMcK"]
[Result "0-1"]
[WhiteElo "655"]
[BlackElo "1543"]
[TimeControl "300"]
[EndTime "10:18:02 PDT"]
[Termination "JoshMcK won by resignation"]

1. d4 Nf6 2. c4 g6 3. Nc3 Bg7 4. Nf3 O-O 5. e4 d6 6. e5 dxe5 7. Nxe5 Bf5 8. Bd3 Bxd3 9. Qxd3 c5 10. d5 e6 11. dxe6 Qxd3 12. exf7+ Kh8 13. Nxd3 Rxf7 14.
Nxc5 Re7+ 15. Be3 Nc6 16. O-O Rae8 17. Nxb7 Rxb7 18. Rae1 Rxb2 19. Bxa7 Rxe1 20. Rxe1 h5 21. Bd4 Nxd4 22. Rd1 Ne2+ 23. Nxe2 Rxe2 24. Kf1 Rxa2 25. Rd8+ Kh7 26. c5 Rc2 27. Rc8 Nd7 28. c6 Nb6 29. Ke1 Nxc8 30. Kd1 Rxc6 31. Kd2 Bh6+ 0-1

[Event "Live Chess"]
[Site "Chess.com"]
[Date "2023.05.20"]
[Round "-"]
[White "xx_blindpuffin_xx"]
[Black "BostonStrangler"]
[Result "1-0"]
[WhiteElo "2198"]
[BlackElo "2037"]
[TimeControl "300"]
[EndTime "10:18:04 PDT"]
[Termination "xx_blindpuffin_xx won on time"]

1. d4 Nf6 2. Bf4 g6 3. e3 Bg7 4. Nf3 O-O 5. h3 d6 6. Be2 Nc6 7. O-O e5 8. Bh2 Qe7 9. c4 exd4 10. exd4 Bf5 11. Nc3 Rfe8 12. Re1 Qd7 13. d5 Nb4 14.
Nd4 Ne4 15. Nxf5 Qxf5 16. Nxe4 Qxe4 17. Bf3 Qxe1+ 18. Qxe1 Rxe1+ 19. Rxe1 Kf8 20. b3 Nxa2 21. Bf4 a5 22. c5 Rd8 23. cxd6 cxd6 24. Re4 b5 25. Bd2 Nc3 26. Re1 a4 27. bxa4 bxa4 28. Kf1 a3 29. Ra1 Ra8 30. Bc1 a2 31. Bb2 Nb5 32.
Bxg7+ Kxg7 33. Be2 Nc3 34. Bc4 Kf6 35. Ke1 Ke5 36. Kd2 Kd4 37. Bb3 Ra3 38. Kc2 f5 39. Kb2 Ra7 40. Bxa2 Nxa2 41. Rxa2 Rxa2+ 42. Kxa2 Kxd5 43. Kb3 Ke4 44. Kc3 f4 45. Kd2 f3 46. g3 d5 47. Kc2 d4 48. Kd2 h6 49. h4 g5 50.
hxg5 hxg5 51. Ke1 Kd3 52. Kd1 Kc3 53. Kc1 d3 54. Kd1 Kd4 55. Kd2 Kc4 56. Kd1 Kc3 57.
Kc1 1-0

[Event "Live Chess"]
[Site "Chess.com"]
[Date "2023.05.20"]
[Round "-"]
[White "Driftboard"]
[Black "lightningorderyt"]
[Result "1-0"]
[WhiteElo "683"]
[BlackElo "522"]
[TimeControl "300"]
[EndTime "10:18:13 PDT"]
[Termination "Driftboard won by resignation"]

1. e4 e5 2. Nf3 Nf6 3. Nc3 Nc6 4.
Bc4 Bc5 5. O-O O-O 6. d3 d6 7. Re1 Re8 8. Be3 Nd4 9. Bxd4 exd4 10. Nd5 Nxd5 11. Bxd5 c6 12. Bb3 Qb6 13. h3 d5 14.
exd5 cxd5 15. Rxe8+ Bf8 16. Bxd5 Qxb2 17. Rb1 Qxa2 18. Bxa2 g6 19. Qe2 Kg7 20. Qe5+ f6 21. Qc7+ Kh6 22. Rxf8 1-0

[Event "Live Chess"]
[Site "Chess.com"]
[Date "2023.05.20"]
[Round "-"]
[White "Enhard"]
[Black "GMHarry-youtube"]
[Result "1/2-1/2"]
[WhiteElo "1432"]
[BlackElo "2164"]
[TimeControl "300"]
[EndTime "10:18:16 PDT"]
[Termination "Game drawn by repetition"]

1. d4 Nf6 2. Bf4 g6 3. e3 Bg7 4. h3 O-O 5. Nf3 c5 6. c3 cxd4 7. exd4 d5 8. Be2 Nc6 9. O-O e6 10. Ne5 Nxe5 11. Bxe5 Nd7 12. Bxg7 Kxg7 13. Nd2 f5 14.
Nf3 Qf6 15. Re1 a6 16. Bd3 b5 17. Ne5 Nxe5 18. Rxe5 Bd7 19. Qd2 Rac8 20. Rae1 Rc6 21. f4 Rfc8 22. a3 Rd6 23. Qf2 a5 24. Bf1 b4 25.
axb4 axb4 26. cxb4 Rdc6 27. b5 Rc2 28. Qf3 Rxb2 29.
Qa3 Rcc2 30. R5e2 Rxe2 31. Rxe2 Rxe2 32. Bxe2 Qxd4+ 33. Kh1 Kf7 34. Qd6 Be8 35. Qc7+ Kf8 36. Qd6+ Kf7 37. Qc7+ Kg8 38. b6 e5 39. Qxe5 Qxe5 40.
fxe5 Bc6 41. Ba6 Kf7 42. b7 Bxb7 43. Bxb7 Ke6 44. Kg1 Kxe5 45. Kf2 Ke4 46. Ke2 h6 47. Bc6 g5 48. Be8 f4 49. Bg6+ Kd4 50. Kd2 Kc4 51.
Bh5 Kd4 52. Bf3 Kc4 53. Bg4 Kd4 54. Bf3 Ke5 55. Kd3 Kf5 56. Kd4 Kg6 57. Bxd5 Kh5 58.
Bf3+ Kh4 59. Kd3 Kg3 60. Ke2 h5 61. Bxh5 Kxg2 62. Bg4 Kg3 63. Kf1 f3 64. Be6 Kh4 65. Bg4 Kg3 66. Be6 Kh4 67. Bg4 f2 68. Bc8 Kg3 69.
Bg4 Kh4 70. Bd7 g4 71. Bxg4 Kg5 72. Kxf2 Kh6 73. Kg3 Kh7 74. h4 Kh8 75. Kf4 Kg7 76. Kf5 Kg8 77. h5 Kh8 78. Kg5 Kg8 79. Bf5 Kh8 80.
Bc8 Kg8 81. Ba6 Kh8 82. Bf1 Kg7 83. Bg2 Kh8 84. Be4 Kg8 85. h6 Kh8 86. Bf5 Kg8 87.
Bc8 Kh8 88. Bb7 Kg8 89. Be4 Kh8 90. Bc6 Kg8 91. Bg2 Kh8 92. Bf3 Kg8 93. Be4 1/2-1/2

[Event "Live Chess"]
[Site "Chess.com"]
[Date "2023.05.20"]
[Round "-"]
[White "MaximKris"]
[Black "JohanKjeldahl"]
[Result "1-0"]
[WhiteElo "1850"]
[BlackElo "1750"]
[TimeControl "300"]
[EndTime "10:18:18 PDT"]
[Termination "MaximKris won by resignation"]

1. e4 c5 2. Nf3 e6 3. c3 Nc6 4.
d4 cxd4 5. Nxd4 Nf6 6. Nxc6 bxc6 7. Bg5 Be7 8. e5 Nd5 9. Bxe7 Qxe7 10. Bd3 O-O 11.
Qh5 f5 12. exf6 Nxf6 13. Qh3 d5 14. O-O e5 15. Bf5 Bxf5 16. Qxf5 e4 17. Qh3 Rab8 18. b3 Qe5 19. Qg3 Qxg3 20. hxg3 Ng4 21. Nd2 e3 22. fxe3 Nxe3 23. Rxf8+ Rxf8 24. Re1 Nf5 25. g4 Nh6 26. Re6 Nxg4 27. Rxc6 Rf2 28. Rc8+ Kf7 29. Rc7+ Kf6 30. Nf1 Rxa2 31. c4 dxc4 32. Rxc4 Ne5 33. Rc7 a5 34. Ne3 Rb2 35. Rc3 h5 36. Nc4 Ng4 37.
Nxb2 1-0

[Event "Live Chess"]
[Site "Chess.com"]
[Date "2023.05.20"]
[Round "-"]
[White "guptarayan"]
[Black "chessleanstrategist"]
[Result "1-0"]
[WhiteElo "632"]
[BlackElo "410"]
[TimeControl "300"]
[EndTime "10:18:22 PDT"]
[Termination "guptarayan won on time"]

1. e4 d6 2. d4 Nf6 3. Nc3 g6 4. f4 Bg7 5. Nf3 c5 6. Bc4 O-O 7. Bd3 cxd4 8. Nxd4 Re8 9. f5 e5 10. Nf3 a5 11. Ng5 h6 12. Nf3 Kh7 13. fxg6+ fxg6 14. h4 Bg4 15. Be2 Nbd7 16. Nd2 Qe7 17. Bxg4 Nxg4 18. Qxg4 Nf6 19. Qe2 b6 20. Nf3 h5 21.
Ng5+ Kg8 22. Nf3 Nh7 23. Ng5 Nxg5 24. hxg5 Rf8 25. Rf1 Rxf1+ 26. Qxf1 Qf8 27. Qxf8+ Rxf8 28. Nd5 Re8 29. Nxb6 Rf8 30. Nd7 Rd8 31. Nf6+ Bxf6 32. gxf6 Kf7 33. Bg5 d5 34. O-O-O Rd6 35. exd5 e4 36.
c4 e3 37. c5 Rd8 38. c6 1-0

[Event "Live Chess"]
[Site "Chess.com"]
[Date "2023.05.20"]
[Round "-"]
[White "LiamClery2020"]
[Black "ReeceHockton"]
[Result "1-0"]
[WhiteElo "2077"]
[BlackElo "331"]
[TimeControl "300"]
[EndTime "10:18:22 PDT"]
[Termination "LiamClery2020 won by checkmate"]

1. e4 e5 2. Nc3 Nc6 3. Bc4 d6 4.
Nf3 Be6 5. Bxe6 fxe6 6. d4 exd4 7. Nxd4 Nxd4 8. Qxd4 c5 9. Qe3 d5 10. exd5 Nf6 11. Qxe6+ Be7 12. O-O Qxd5 13. Nxd5 Rd8 14. Qxe7# 1-0

[Event "Live Chess"]
[Site "Chess.com"]
[Date "2023.05.20"]
[Round "-"]
[White "jennybobby44"]
[Black "NatashaRegan"]
[Result "0-1"]
[WhiteElo "1841"]
[BlackElo "1886"]
[TimeControl "300"]
[EndTime "10:18:26 PDT"]
[Termination "NatashaRegan won on time"]

1. e4 Nf6 2. Nc3 d5 3. exd5 Nxd5 4. d4 c6 5. Nf3 Bg4 6. Be2 Nd7 7. h3 Bh5 8. O-O e6 9. Ne5 Nxc3 10. bxc3 Bxe2 11.
Qxe2 Bd6 12. f4 O-O 13. Be3 Nf6 14. Qf3 Rc8 15. g4 Nd5 16. Bd2 c5 17. c4 Bxe5 18. fxe5 Nb6 19. Qe4 Nxc4 20. Bc3 cxd4 21. Bxd4 Nd2 22.
Qd3 Nxf1 23. Rxf1 b6 24. c3 Qd5 25. Rf2 Rc4 26. Qf3 Qxf3 27. Rxf3 Ra4 28. Rf2 Rc8 29. Kg2 Kf8 30. Kf3 Ke7 31. Ke3 Rcc4 32. h4 g6 33. Kd3 b5 34. Rb2 a6 35. h5 Kd7 36. hxg6 hxg6 37.
Rf2 Ke8 38. Rh2 Ke7 39. Rf2 a5 40. Rb2 Rxd4+ 41. cxd4 Ra3+ 42. Ke4 b4 43. d5 exd5+ 44. Kxd5 Rd3+ 45. Ke4 Rc3 46. Kd5 Rc1 47. Ke4 Ke6 48. Kf4 Rc4+ 49. Kg5 Kxe5 50. Re2+ Re4 51. Rf2 Ke6 52.
Rf6+ Ke7 53. Ra6 Re5+ 54. Kf4 Rb5 55. g5 Rf5+ 56. Kg4 Kf8 57. Ra8+ Kg7 58. Ra6 Rc5 59.
Ra7 Rc4+ 60. Kg3 Rc3+ 61. Kg4 Ra3 0-1